 Dungeon Crawl Stone Soup version 0.28-a0-983-g1de4e0787c (webtiles) character file.

Game seed: 10944162775788200483

186 emperorscorpion the Magician (level 5, -5/36 HPs)
             Began as a Djinni Hedge Wizard on Dec 2, 2021.
             Slain by an ogre (21 damage)
             ... on level 4 of the Dungeon.
             The game lasted 00:08:32 (4771 turns).

emperorscorpion the Magician (Djinni Hedge Wizard)  Turns: 4771, Time: 00:08:32

Health: -5/36      AC:  5    Str:  9    XL:     5   Next: 98%
Gold:   131        EV: 12    Int: 17    God:
                   SH:  0    Dex: 13

rFire   + + .      SeeInvis .   a - +1 dagger (venom)
rCold   x . .      Faith    .   (no shield)
rNeg    . . .      Spirit   .   d - +0 robe
rPois   ∞          Reflect  .   c - +0 hat
rElec   .          Harm     .   u - +0 cloak
rCorr   .          Rampage  .   h - +1 pair of gloves
Will    .....                   (boots unavailable)
Stlth   ++........              (no amulet)
HPRegen 0.12/turn               (no ring)
MPRegen 0.00/turn               (no ring)

@: flying
A: sickness immunity, fire resistance 2, cold vulnerability 1, float, innate
caster, hp casting, extra vitality 1
a: no special abilities


You were on level 4 of the Dungeon.
You visited 1 branch of the dungeon, and saw 4 of its levels.

You collected 131 gold pieces.

Inventory:

Hand Weapons
 a - a +1 dagger of venom (weapon)
 q - a +0 dagger
 v - a +1 dagger of freezing
Missiles
 k - 5 atropa-tipped darts
 r - 18 poisoned darts
Armour
 c - a +0 hat (worn)
 d - a +0 robe (worn)
 f - a +0 ring mail
 h - a +1 pair of gloves (worn)
 u - a +0 cloak (worn)
Magical Staves
 b - a staff of cold
Wands
 o - a wand of iceblast (6)
Scrolls
 l - 3 scrolls of magic mapping {unknown}
 n - a scroll of identify {unknown}
 s - a scroll of amnesia {unknown}
Potions
 e - 2 potions of brilliance {unknown}
 g - a potion of mutation {unknown}
 i - 2 potions of degeneration {unknown}
 j - 4 potions of curing {unknown}
 m - a potion of heal wounds {unknown}
 p - a potion of haste {unknown}
 t - 2 potions of attraction {unknown}


   Skills:
 + Level 0.4 Fighting
 + Level 0.3 Staves
 + Level 2.8 Dodging
 - Level 1.5 Stealth
 + Level 4.5 Spellcasting


You couldn't memorise any spells.
You knew the following spells:

 Your Spells              Type           Power      Damage    Failure   Level
a - Magic Dart            Conj           76%        1d6       2%          1
b - Blink                 Tloc           38%        N/A       3%          2
c - Call Imp              Summ           19%        N/A       3%          2
d - Slow                  Hex            76%        N/A       2%          1
e - Conjure Flame         Conj/Fire      19%        6-21      7%          3
f - Mephitic Cloud        Conj/Pois/Air  19%        N/A       7%          3
g - Freeze                Ice            76%        1d9       2%          1
h - Static Discharge      Conj/Air       19%        N/A       3%          2
Your spell library was empty.

Dungeon Overview and Level Annotations

Branches:
Dungeon (4/15)
 Temple: D:4-7

Altars:
Yredelemnul


Innate Abilities, Weirdness & Mutations

You are immune to sickness and miasma.
You are immune to poison.
Your flesh is very heat resistant. (rF++)
You are vulnerable to cold. (rC-)
You float through the air rather than walking.
You learn spells naturally, not from books.
Your magical power is your life essence.
You have superior vitality. (+4 HP)


Message History

The magic dart hits the ogre.
The ogre is moderately wounded.
Casting: Magic Dart (safe; 2% risk of failure)
Confirm with . or Enter, or press ? or * to list all spells.
Aiming: Magic Dart (safe; 2% risk of failure)
Press: ? - help, Shift-Dir - straight line, f/p - ogre
Aim: an ogre, wielding a +0 giant club (moderately wounded, confused, 100% to hit)
The magic dart hits the ogre but does no damage.
The ogre is moderately wounded.
The ogre seems less confused.
Casting: Magic Dart (safe; 2% risk of failure)
Confirm with . or Enter, or press ? or * to list all spells.
Aiming: Magic Dart (safe; 2% risk of failure)
Press: ? - help, Shift-Dir - straight line, f/p - ogre
Aim: an ogre, wielding a +0 giant club (moderately wounded, 100% to hit)
The magic dart hits the ogre.
The ogre is heavily wounded.
The quokka bites you but does no damage.
The quokka completely misses you.
Casting: Magic Dart (safe; 2% risk of failure)
Confirm with . or Enter, or press ? or * to list all spells.
Aiming: Mephitic Cloud (dangerous; 7% risk of failure)
Press: ? - help, Shift-Dir - straight line, f/p - ogre
Aim: an ogre, wielding a +0 giant club (heavily wounded, chance to affect: 77%)
The ball explodes into a vile cloud!
The stinking cloud engulfs the ogre but does no damage.
The ogre is heavily wounded.
The ogre is engulfed in noxious fumes.
The quokka misses you.
The ogre is engulfed in noxious fumes.
The ogre appears confused.
You hit the ogre but do no damage.
The ogre is heavily wounded.
The quokka misses you. The quokka barely misses you.
Your +1 dagger of venom begins to drip with poison!
a - a +1 dagger of venom (weapon)
You barely miss the ogre.
The ogre is heavily wounded.
The quokka barely misses you.
The ogre hits you with a +0 giant club!!
Ouch! That really hurt!
You die...

#........†§####.
#######..°.#
###.#######
#..........
#..°...#
#.°.°..#
#...°..#
#.....r#
#....O@#
#......#
#......#
#......#
########


You could see an ogre (confused) and a quokka.

Vanquished Creatures
  A scorpion (D:4)
  An orc wizard (D:3)
  2 adders
  2 dart slugs
  4 orcs (D:3)
  5 giant cockroaches
  2 goblins
  7 hobgoblins
  3 jackals (D:3)
  4 kobolds
  6 ball pythons
  3 bats
  4 frilled lizards
  7 rats
51 creatures vanquished.

Vanquished Creatures (collateral kills)
  An orc wizard (D:3)
  A frilled lizard (D:3)
2 creatures vanquished.

Grand Total: 53 creatures vanquished

Notes
Turn   | Place    | Note
-------+----------+-------------------------------------------
     0 | D:1      | emperorscorpion the Djinni Hedge Wizard began the quest for
                  | the Orb.
     0 | D:1      | Reached XP level 1. HP: 15/15 MP: 0/0
   931 | D:1      | Reached XP level 2. HP: 20/21 MP: 0/0
   982 | D:1      | Found a faded altar of an unknown god.
  1392 | D:2      | Reached skill level 3 in Spellcasting
  1392 | D:2      | Reached XP level 3. HP: 17/25 MP: 0/0
  1392 | D:2      | Learned a level 1 spell: Freeze
  3317 | D:3      | Reached XP level 4. HP: 15/31 MP: 0/0
  3625 | D:3      | Reached XP level 5. HP: 33/35 MP: 0/0
  3625 | D:3      | Learned a level 2 spell: Static Discharge
  3748 | D:3      | Reached skill level 4 in Spellcasting
  4224 | D:3      | Found a faded altar of an unknown god.
  4231 | D:3      | Found a basalt altar of Yredelemnul.
  4753 | D:4      | Noticed an ogre
  4771 | D:4      | Slain by an ogre

Illustrated notes

Levels and vault maps discovered:
D:1:      minmay_arrival_radiant_lines, layout_basic,
          ebering_ecumenical_altar_sacrificial
D:2:      layout_basic
D:3:      layout_basic, nicolae_overflow_ecumenical_swirl, minmay_starry_boxes
D:4:      layout_basic, serial_shops, nicolae_shop_waterfront

Skill      XL: |  1  2  3  4  5 |
---------------+----------------+-----
Spellcasting   | 3 4 |  4.5
Fighting       | |  0.4
Staves         | |  0.3
Dodging        | |  2.8
Stealth        | |  1.5

Action                   |  1- 3 |  4- 6 || total
-------------------------+-------+-------++-------
Melee: Staff             |     4 |     1 ||     5
       Dagger            |       |     1 ||     1
 Cast: Magic Dart        |    98 |    60 ||   158
       Blink             |     2 |     1 ||     3
       Mephitic Cloud    |     1 |     6 ||     7
       Call Imp          |     1 |       ||     1
       Conjure Flame     |       |     1 ||     1
 Stab: Sleeping          |     1 |       ||     1
Armor: Robe              |     9 |     1 ||    10
Dodge: Dodged            |    21 |     9 ||    30

Table legend: (Time is in decaauts)
 A = Elapsed time spent in this place.
 B = Non-inter-level travel time spent in this place.
 C = Inter-level travel time spent in this place.
 D = Time resting spent in this place.
 E = Time spent auto-exploring this place.
 F = Levels seen in this place.
 G = Mean time per level.
                   A        B        C        D        E       F      G
               +--------+--------+--------+--------+--------+-----+--------+
         Total |   4777 |   4221 |    556 |    421 |   3305 |   4 | 1194.2 |
       Dungeon |   4777 |   4221 |    556 |    421 |   3305 |   4 | 1194.2 |
               +--------+--------+--------+--------+--------+-----+--------+

Top non-repeatable levels by time:
     D:2: 1787 daAuts
     D:3: 1380 daAuts
     D:1: 1269 daAuts
     D:4: 339 daAuts
